 Dungeon Crawl Stone Soup version 0.30-b1-2-g02819fbbbe (webtiles) character file.

Game seed: 4048040209158530484

2471 sanka the Destroyer (level 9, -4/59 HPs)
             Began as a Tengu Reaver on May 6, 2023.
             Shot with an arrow by a centaur (10 damage)
             ... on level 7 of the Dungeon.
             The game lasted 00:13:46 (6646 turns).

sanka the Destroyer (Tengu Reaver)                  Turns: 6646, Time: 00:13:46

Health: -4/59      AC:  3    Str: 11 (13) XL:     9   Next: 51%
Magic:  13/13      EV: 16    Int: 17 (18) God:
Gold:   367        SH:  0    Dex:  9 (12) Spells: 4/12 levels left

rFire   . . .        a - +1 dagger (elec)
rCold   + . .        (no shield)
rNeg    . . .        B - +0 robe
rPois   .            (helmet restricted)
rElec   .            (no cloak)
rCorr   .            A - +0 pair of gloves
SInv    .            (boots unavailable)
Will    .....        (no amulet)
Stlth   +            n - ring of protection from cold
HPRegen 0.29/turn    (no ring)
MPRegen 0.13/turn

%: no passive effects
@: flying quickly and evasively, studying Fire Magic, quick
A: beak, talons 3, nimble flight
a: no special abilities


You were on level 7 of the Dungeon.
You visited 1 branch of the dungeon, and saw 7 of its levels.
You also visited: Sewer.

You collected 367 gold pieces.

Inventory:

Hand Weapons
 a - a +1 dagger of electrocution (weapon)
 b - a +2 dagger of venom
 h - a +0 falchion
 z - a +1 dagger of draining
Armour
 A - a +0 pair of gloves (worn)
 B - a +0 robe (worn)
Jewellery
 n - a ring of protection from cold (left hand)
Wands
 e - a wand of flame (7)
 w - a wand of roots (5)
 D - a wand of quicksilver (5)
Scrolls
 d - 3 scrolls of identify {unknown}
 i - 3 scrolls of fog {unknown}
 p - 2 scrolls of magic mapping {unknown}
 r - a scroll of noise {unknown}
 t - 2 scrolls of vulnerability {unknown}
 u - 2 scrolls of blinking {unknown}
 v - 2 scrolls of teleportation {unknown}
 C - a scroll of enchant weapon {unknown}
Potions
 c - 3 potions of brilliance
 f - 2 potions of mutation {unknown}
 g - a potion of might {unknown}
 j - 2 potions of degeneration {!q}
 k - a potion of invisibility {unknown}
 l - a potion of lignification {unknown}
 m - a potion of flight {unknown}
 o - a potion of magic {unknown}
 q - a potion of haste {unknown}
 s - a potion of attraction {unknown}
 x - a potion of berserk rage {unknown}
 y - 2 potions of heal wounds {unknown}
 E - a potion of ambrosia {unknown}


   Skills:
 - Level 8.0 Fighting
 - Level 3.2 Long Blades
 - Level 8.0 Dodging
 - Level 2.0 Spellcasting
 - Level 8.0 Conjurations
 - Level 1.0 Necromancy
 - Level 1.0 Translocations
 + Level 5.2 Air Magic


You had 4 spell levels left.
You knew the following spells:

 Your Spells              Type           Power      Damage    Failure   Level
a - Kiss of Death         Conj/Necr      68%        2d10      3%          1
b - Momentum Strike       Conj/Tloc      34%        3d8       4%          2
c - Freezing Cloud        Conj/Ice/Air   8%         6-21      65%         5

Your spell library contained the following spells:

 Spells                   Type           Power      Damage    Failure   Level
 Hailstorm                Conj/Ice       15%        3d5       11%         3
 Cigotuvi's Dreadful Rot  Necr/Pois/Air  16%        N/A       12%         2
 Ignite Poison            Fire/Tmut/Pois 1%         N/A       50%         3


Dungeon Overview and Level Annotations

Branches:
Dungeon (7/15)             Temple (0/1) D:6           Sewer (visited)

Altars:
Ashenzari
Sif Muna
Zin

Shops:
D:4 *

Annotations:
D:6 1 runed translucent door, p0werm0de's ghost, novice MiFi


Innate Abilities, Weirdness & Mutations

You have a beak for a mouth.
You have claws for feet.
Your magical nature lets you fly swiftly and evasively.


Message History

You hit the centaur. Your kick misses the centaur.
The centaur is heavily wounded.
The centaur misses you.
The centaur kicks you but does no damage.
The gnoll barely misses you. The centaur closely misses you.
The centaur misses you.
Unknown command.
You hit the centaur but do no damage. You claw the centaur.
You punch the centaur, but do no damage.
The centaur is severely wounded.
The centaur hits you. The centaur kicks you.
The gnoll hits you from afar with a +0 spear.
* * * LOW HITPOINT WARNING * * *
You hit the centaur but do no damage. You claw the centaur.
The centaur is severely wounded.
The centaur hits you.
* * * LOW HITPOINT WARNING * * *
The centaur kicks you but does no damage.
You hit the centaur but do no damage.
The centaur is severely wounded.
The centaur hits you.
* * * LOW HITPOINT WARNING * * *
The centaur kicks you but does no damage.
The gnoll completely misses you. The centaur hits you.
* * * LOW HITPOINT WARNING * * *
The centaur kicks you but does no damage.
It was a potion of degeneration.
There was something very wrong with that liquid.
You feel weakened.
You feel dopey.
You feel clumsy.
The gnoll hits you from afar with a +0 spear.
* * * LOW HITPOINT WARNING * * *
The centaur misses you.
The centaur kicks you but does no damage.
Your attacks no longer feel as feeble.
The centaur wields a +0 shortbow.
The centaur shoots an arrow.
The arrow barely misses you.
The centaur shoots an arrow.
The arrow closely misses you.
The centaur shoots an arrow.
The arrow misses you.
The centaur shoots an arrow.
The arrow hits you!
You die... #..# .g# ggg

####. #.# #g# #......##.#
#c# #......##.# . #)#
#.......#.# ...####.#
###.........##
........####.............
........@..#)..........#.
.#########.............†.
###.........<.#.
#........#.####
#.######...# #.# ###.#
#.# #... #.# #.### #.#
#.#


You could see a centaur, a gnoll bouda and 3 gnolls.

Vanquished Creatures
  A hornet (D:7)
  Grinder (D:5)
  Sigmund (D:2)
  Duvessa (D:6)
  Pargi (Sewer)
  An orc warrior (D:6)
  2 ice beasts (D:5)
  2 black bears
  A sky beast (D:6)
  2 ogres
  2 centaurs
  2 phantoms
  Dowan (D:6)
  5 hounds
  3 orc priests
  3 sleepcaps
  4 iguanas
  2 orc wizards (D:6)
  Robin (D:4)
  A gnoll (D:7)
  6 adders
  A river rat (D:4)
  2 white imps
  4 worms
  2 dart slugs (D:1)
  13 orcs
  6 bats
  10 endoplasms
  2 giant cockroaches
  11 goblins
  6 hobgoblins
  8 kobolds
  4 quokkas
  5 ball pythons
  2 frilled lizards
  7 rats
  A bush (D:1)
127 creatures vanquished.

Vanquished Creatures (others)
  2 plants (D:1)
2 creatures vanquished.

Grand Total: 129 creatures vanquished

Notes
Turn   | Place    | Note
-------+----------+-------------------------------------------
     0 | D:1      | sanka the Tengu Reaver began the quest for the Orb.
     0 | D:1      | Reached XP level 1. HP: 12/12 MP: 4/4
   130 | D:1      | Reached XP level 2. HP: 13/17 MP: 6/6
   233 | D:1      | Reached skill level 5 in Conjurations
   438 | D:1      | Reached XP level 3. HP: 21/21 MP: 7/7
  1438 | D:2      | Noticed Sigmund
  1491 | D:1      | Learned a level 2 spell: Momentum Strike
  2164 | D:3      | Reached XP level 4. HP: 24/26 MP: 8/8
  2745 | D:4      | Reached skill level 1 in Necromancy
  2782 | D:4      | Noticed a black bear
  2789 | D:4      | Killed a black bear
  2790 | D:4      | Reached skill level 1 in Translocations
  2790 | D:4      | Gained mutation: Your magical nature lets you fly swiftly
                  | and evasively. [Tengu growth]
  2790 | D:4      | Reached XP level 5. HP: 19/30 MP: 9/9
  2830 | D:4      | Found a glowing drain.
  2840 | D:4      | Noticed Robin
  2846 | Sewer    | Entered a sewer
  2908 | Sewer    | Noticed Pargi
  2916 | Sewer    | Killed Pargi
  2917 | Sewer    | Reached XP level 6. HP: 21/36 MP: 6/10
  3052 | D:4      | Found Zin's Purification Station.
  3079 | D:4      | Found a glowing silver altar of Zin.
  3333 | D:4      | Reached XP level 7. HP: 41/41 MP: 11/11
  3711 | D:4      | Killed Robin
  3834 | D:2      | Killed Sigmund
  3940 | D:5      | Entered Level 5 of the Dungeon
  3941 | D:5      | Found a broken altar of Ashenzari.
  3958 | D:5      | Reached skill level 5 in Dodging
  4036 | D:5      | Reached skill level 5 in Fighting
  4158 | D:5      | Found a shimmering blue altar of Sif Muna.
  4198 | D:5      | Reached XP level 8. HP: 49/49 MP: 12/12
  4200 | D:5      | Noticed Grinder
  4210 | D:5      | Paralysed by Grinder for 3 turns
  4214 | D:5      | Killed Grinder
  5111 | D:6      | Found a staircase to the Ecumenical Temple.
  5148 | D:6      | Reached XP level 9. HP: 57/57 MP: 13/13
  5231 | D:6      | Noticed p0werm0de's ghost (novice MiFi)
  5297 | D:6      | Found a runed translucent door.
  5409 | D:6      | Noticed Duvessa
  5650 | D:6      | Noticed Dowan
  6037 | D:6      | Killed Duvessa
  6038 | D:6      | Reached skill level 1 in Air Magic
  6046 | D:6      | Killed Dowan
  6455 | D:7      | Noticed a hornet
  6468 | D:7      | Killed a hornet
  6469 | D:7      | Reached skill level 5 in Air Magic
  6566 | D:7      | Learned a level 5 spell: Freezing Cloud
  6646 | D:7      | Shot with an arrow by a centaur

Illustrated notes

Levels and vault maps discovered:
D:1:      giann_wishing_wells, layout_loops_ring, serial_forest,
          infiniplex_forest_end_double, infiniplex_forest_diagonal,
          infiniplex_forest_clump_medium, infiniplex_forest_end_2,
          infiniplex_forest_clump_medium, infiniplex_forest_clump_large
D:2:      layout_basic, chequers_mini_garden, uniq_sigmund
D:3:      layout_basic
D:4:      layout_cave_pools, zin_purify, portal_sewer_entry_b,
          minmay_manual_maat, uniq_robin
D:5:      layout_loops_ring, ashenzari_altar_1, mainiacjoe_overflow_alcove_1,
          kennysheep_pointless_box, chequers_serial_rivers_small_b, uniq_grinder
D:6:      layout_cave_pools, minmay_temple_entry_from_below_b,
          hellmonk_ghost_happy_afterlife, uniq_duvessa
D:7:      layout_loops_ring, dk_yredelemnul_ordeal, kennysheep_generic_room_8,
          uniq_joseph

Skill      XL: |  1  2  3  4  5  6  7  8  9 |
---------------+----------------------------+-----
Conjurations   | 5 6 7 8 |  8.0
Necromancy     | 1 |  1.0
Translocations | 1 |  1.0
Dodging        | 3 5 7 8 |  8.0
Fighting       | 3 5 7 8 |  8.0
Air Magic      | 5 |  5.2
Long Blades    | |  3.2
Spellcasting   | |  2.0

Action                     |  1- 3 |  4- 6 |  7- 9 || total
---------------------------+-------+-------+-------++-------
  Melee: Falchion          |    42 |       |       ||    42
         Kick              |    41 |    19 |    74 ||   134
         Peck              |    20 |    13 |    48 ||    81
         Punch             |     1 |     3 |     4 ||     8
         Dagger            |    76 |    87 |   251 ||   414
   Cast: Kiss of Death     |     1 |     1 |     1 ||     3
         Momentum Strike   |       |     2 |     8 ||    10
  Evoke: Wand              |       |       |     4 ||     4
    Use: Potion            |       |       |     2 ||     2
   Stab: Sleeping          |       |     1 |     1 ||     2
 Armour: Leather armour    |    26 |    17 |     3 ||    46
         Robe              |       |       |    26 ||    26
  Dodge: Dodged            |    51 |    53 |   196 ||   300
